 Dungeon Crawl Stone Soup version 0.18.1-48-g4cf74bf (webtiles) character file.

117 GFox the Shield-Bearer (level 5, -4/42 HPs)
             Began as a Formicid Fighter on Aug 21, 2016.
             Slain by RickumRackum's ghost (14 damage)
             ... on level 3 of the Dungeon.
             The game lasted 00:12:37 (1856 turns).

GFox the Shield-Bearer (Formicid Fighter)           Turns: 1856, Time: 00:12:37

Health: -4/42      AC:  7    Str: 21    XL:     5   Next: 22%
Magic:  5/5        EV:  8    Int:  8    God:
Gold:   94         SH:  9    Dex: 10    Spells: 0 memorised, 4 levels left

rFire  . . .     SeeInvis +     a - +0 war axe
rCold  . . .     Gourm    .     b - +0 scale mail
rNeg   . . .     Faith    .     c - +0 shield
rPois  .         Spirit   .     (helmet unavailable)
rElec  .         Dismiss  .     (no cloak)
rCorr  .         Reflect  .     (no gloves)
SustAt .         Harm     .     (no boots)
MR     .....                    p - amulet of regeneration
Stlth  ..........               (no ring)
                                (no ring)

@: not resistant to hostile enchantments, extremely unstealthy
A: permanent stasis, dig shafts and tunnels, four strong arms, antennae 3
a: Dig, Shaft Self


You were on level 3 of the Dungeon.
You were not hungry.

You visited 1 branch of the dungeon, and saw 3 of its levels.

You collected 94 gold pieces.

Inventory:

Hand Weapons
 a - a +0 war axe (weapon)
Armour
 b - a +0 scale mail (worn)
 c - a +0 shield (worn)
Jewellery
 p - an amulet of regeneration (around neck)
Scrolls
 j - 3 scrolls of recharging
 o - 3 scrolls of teleportation {unknown}
 q - a scroll of blinking {unknown}
Potions
 d - a potion of might
 e - a potion of lignification {unknown}
 h - a potion of berserk rage {unknown}
 n - a potion of ambrosia {unknown}
Comestibles
 f - 2 bread rations
 g - 2 chunks of flesh
 k - 2 slices of pizza
 l - 2 meat rations


   Skills:
 + Level 3.8 Fighting
 + Level 2.6 Axes
 + Level 4.0 Armour
 + Level 1.1 Dodging
 + Level 0.3 Stealth
 + Level 4.8 Shields


You had 4 spell levels left.
You didn't know any spells.

Dungeon Overview and Level Annotations

Branches:
Dungeon (3/15)

Altars:
Pakellas

Annotations:
D:3 RickumRackum's ghost, amateur TrBe


Innate Abilities, Weirdness & Mutations

You are under a permanent stasis effect.
You can dig through walls and to a lower floor.
Your four strong arms can wield two-handed weapons with a shield.
You have a pair of large antennae on your head (SInv).


Message History

You barely miss the bat. You block the bat's attack.
RickumRackum's ghost barely misses you.
You barely miss RickumRackum's ghost. RickumRackum's ghost hits you!
Your shield and scale mail prevent you from hitting RickumRackum's ghost.
RickumRackum's ghost barely misses you.
You block RickumRackum's ghost's attack.
Your shield and scale mail prevent you from hitting RickumRackum's ghost.
RickumRackum's ghost closely misses you.
You closely miss RickumRackum's ghost.
RickumRackum's ghost says, "Death is your only future!"
You block RickumRackum's ghost's attack.
RickumRackum's ghost hits you.
You barely miss RickumRackum's ghost.
You block RickumRackum's ghost's attack.
You closely miss RickumRackum's ghost. RickumRackum's ghost hits you!
* * * LOW HITPOINT WARNING * * *
RickumRackum's ghost barely misses you.
You hit RickumRackum's ghost but do no damage.
RickumRackum's ghost hits you!
You die...

#..!...##.# #.####....#
#.# #.#### #.. #.# #.#
#.. #.# #.# #.. .## #.#
#.# #.# ...# #.# #.#
#.# ####..###.## #.#
#.# #....bW@...# #.#
#.#
#.###+###..###.######)#
#...........[<#
#......########
##......# { ##.......
#[###.## #.# #.# . #.


You could see RickumRackum's ghost and a bat.

Vanquished Creatures
  An orc priest (D:3)
  An adder (D:2)
  3 oozes
  5 dart slugs
  3 giant geckos (D:2)
  4 orcs (D:3)
  5 bats
  4 giant cockroaches
  6 hobgoblins
  3 giant newts (D:1)
  4 goblins
  7 kobolds
  6 rats
52 creatures vanquished.

Notes
Turn   | Place    | Note
--------------------------------------------------------------
     0 | D:1      | GFox the Formicid Fighter began the quest for the Orb.
     0 | D:1      | Reached XP level 1. HP: 18/18 MP: 1/1
    81 | D:1      | Reached XP level 2. HP: 19/24 MP: 2/2
   450 | D:1      | Reached XP level 3. HP: 30/30 MP: 3/3
  1131 | D:2      | Found an oddly glowing altar of Pakellas.
  1270 | D:2      | Reached XP level 4. HP: 34/37 MP: 4/4
  1794 | D:3      | Reached skill level 1 in Dodging
  1794 | D:3      | Reached XP level 5. HP: 38/42 MP: 5/5
  1846 | D:3      | Noticed RickumRackum's ghost (amateur TrBe)
  1856 | D:3      | Slain by RickumRackum's ghost

Skill      XL: |  1  2  3  4 |
---------------+-------------+-----
Shields        | 4 |  4.8
Armour         | 4 |  4.0
Dodging        | 1 |  1.1
Fighting       | |  3.8
Axes           | |  2.6
Stealth        | |  0.3

Action                   |  1- 3 |  4- 6 || total
-------------------------+-------+-------++-------
Melee: War axe           |   100 |    70 ||   170
 Abil: Dig               |     4 |       ||     4
  Use: Scroll            |       |     4 ||     4
  Eat: Chunk             |     2 |     2 ||     4
Armor: Scale mail        |    36 |    27 ||    63
Dodge: Dodged            |    29 |    40 ||    69
Block: Shield            |    55 |    43 ||    98
